Map: Crimson Court LE

Players

Maverick

  • Race: Protoss Protoss
  • League: Silver
  • Spawn Location: 7:00

Sekvodka - Winner!

  • Race: Zerg Zerg
  • League: Silver
  • Spawn Location: 1:00

VOD

Have the link to the VOD?

Description

Time

  • Played on: Oct. 4, 2024, 6:47 a.m.
  • Length: 5:46
Show
View Real Time Build Order
Export as new Build Order

Maverick Protoss 

Build Orders:  

Get SALT Encoding   

  12  0:03  Probe (Chrono Boost)  
  13  0:13  Probe (Chrono Boost)  
  14  0:18  Probe (Chrono Boost)  
  15  0:32  Pylon  
  15  0:50  Probe  
  16  1:02  Probe  
  17  1:07  Nexus  
  17  1:15  Assimilator  
  17  1:18  Assimilator  
  17  1:25  Pylon  
  17  1:31  Probe (Chrono Boost)  
  18  1:42  Probe (Chrono Boost)  
  19  1:47  Probe (Chrono Boost)  
  19  1:54  Gateway  
  20  1:57  Probe  
  21  2:03  Forge  
  21  2:09  Probe  
  21  2:13  Pylon  
  22  2:17  Assimilator  
  22  2:21  Probe (Chrono Boost)  
  23  2:22  Assimilator  
  23  2:31  Probe (Chrono Boost)  
  23  2:35  Probe (Chrono Boost)  
  25  2:41  Probe (Chrono Boost)  
  27  2:45  Probe (Chrono Boost)  
  27  2:49  Probe x2 (Chrono Boost)  
  29  3:00  Probe x2  
  31  3:12  Probe (Chrono Boost)  
  33  3:15  Probe (Chrono Boost)  
  33  3:24  Probe (Chrono Boost)  
  35  3:27  Probe (Chrono Boost)  
  35  3:31  Zealot  
  35  3:32  Probe (Chrono Boost)  
  39  3:34  Probe (Chrono Boost)  
  39  3:39  Probe x2 (Chrono Boost)  
  39  3:41  Cybernetics Core  
  41  3:43  Cybernetics Core  
  41  3:50  Probe x2  
  41  3:52  Gateway  
  43  4:00  Pylon  
  43  4:03  Probe  
  43  4:04  Pylon  
  43  4:08  Pylon  
  44  4:13  Pylon  
  44  4:28  Twilight Council  
  44  4:35  Stargate  
  44  4:37  Stargate  
  44  4:41  Stargate  
  44  4:47  Stargate  
  44  4:49  Stargate  
  27  5:10  Stalker x2  
Show
View Real Time Build Order
Export as new Build Order

Sekvodka Zerg - Winner!

Build Orders: Hatch First 

Get SALT Encoding   

  12  0:00  Drone  
  13  0:13  Overlord  
  13  0:16  Drone  
  13  0:20  Extractor  
  13  0:24  Drone  
  15  0:31  Drone  
  16  0:39  Drone  
  17  0:54  Hatchery  
  17  0:55  Extractor  
  15  0:58  Drone  
  16  1:10  Drone x2  
  18  1:20  Spawning Pool  
  18  1:22  Drone  
  18  1:28  Drone  
  19  1:43  Drone  
  20  1:51  Drone  
  21  1:56  Extractor  
  21  2:01  Overlord  
  20  2:08  Metabolic Boost  
  20  2:09  Queen  
  20  2:10  Queen  
  20  2:13  Drone  
  25  2:17  Drone  
  26  2:23  Overlord  
  26  2:27  Drone  
  26  2:29  Drone  
  28  2:33  Drone  
  29  2:37  Drone  
  29  2:43  Drone  
  31  3:00  Drone x2  
  31  3:04  Drone  
  34  3:07  Hatchery, Drone  
  34  3:16  Queen, Drone x2  
  38  3:33  Drone x4  
  42  3:39  Lair  
  42  3:42  Drone x2  
  44  3:49  Extractor  
  44  3:50  Drone  
  44  3:52  Overlord, Extractor  
  43  4:00  Overlord  
  43  4:01  Overlord  
  43  4:10  Queen  
  43  4:17  Zergling x12  
  51  4:25  Drone x2  
  51  4:27  Queen  
  51  4:28  Drone x3  
  58  4:39  Evolution Chamber  
  58  4:40  Evolution Chamber  
  58  4:41  Baneling Nest  
  58  4:43  Drone x5  
  60  4:55  Zergling x10  
  65  5:04  Zergling x10  
  70  5:23  Zergling x8  
Tags
 
Add a new tag
Caveats
  • Supply blocks, unpowered buildings, or Contaminate may cause inaccurate times.
  • Supply counts are checked every 10 seconds.